 Dungeon Crawl Stone Soup version 0.27.1-34-g3ba077fa99 (webtiles) character file.

Game seed: 12892266040363081612

746 ticklebelly the Skirmisher (level 7, -9/63 HPs)
             Began as a Minotaur Berserker on Jan 3, 2022.
             Was a Priest of Trog.
             Mangled by a gnoll sergeant (11 damage)
             ... on level 5 of the Dungeon.
             The game lasted 00:10:25 (4028 turns).

ticklebelly the Skirmisher (Minotaur Berserker)     Turns: 4028, Time: 00:10:26

Health: -9/63      AC: 12    Str: 23    XL:     7   Next: 48%
Magic:  6/6        EV:  4    Int:  4    God:    Trog [***...]
Gold:   184        SH:  0    Dex: 10    Spells: 6/6 levels left

rFire    . . .     SeeInvis .   a - +0 hand axe
rCold    . . .     Faith    .   (no shield)
rNeg     . . .     Spirit   .   m - +0 plate armour
rPois    .         Reflect  .   (helmet restricted)
rElec    .         Harm     .   (no cloak)
rCorr    .         Rampage  .   (no gloves)
Will     .....                  (no boots)
Stlth    ..........             (no amulet)
HPRegen  0.20/turn              (no ring)
MPRegen  0.10/turn              (no ring)

@: on berserk cooldown, held, slowed, very slow
A: horns 2, retaliatory headbutt
a: Renounce Religion, Berserk, Trog's Hand


You were on level 5 of the Dungeon.
You worshipped Trog.
Trog was most pleased with you.
You visited 1 branch of the dungeon, and saw 5 of its levels.

You collected 184 gold pieces.

Inventory:

Hand Weapons
 a - a +0 hand axe (weapon)
Missiles
 d - 5 javelins (quivered)
 p - 3 boomerangs
Armour
 m - a +0 plate armour (worn)
Wands
 i - a wand of polymorph (1)
 l - a wand of acid (4)
Scrolls
 b - a scroll of holy word {unknown}
 c - 3 scrolls of identify {unknown}
 f - a scroll of immolation {unknown}
 g - a scroll of noise {unknown}
 n - a scroll of vulnerability {unknown}
 o - 2 scrolls of enchant weapon {unknown}
 q - a scroll of blinking {unknown}
Potions
 e - a potion of resistance {unknown}
 h - a potion of flight {unknown}
 j - 2 potions of heal wounds {unknown}
 k - a potion of attraction {unknown}


   Skills:
 + Level 6.1 Fighting
 + Level 6.1 Axes
 + Level 5.5 Armour
 + Level 5.0 Dodging


You had 6 spell levels left.
You didn't know any spells.
Your spell library was empty.

Dungeon Overview and Level Annotations

Branches:
Dungeon (5/15)
 Temple: D:4-7

Altars:
Uskayaw
Vehumet
Xom
Zin

Shops:
D:4 (*[


Innate Abilities, Weirdness & Mutations

You have a pair of horns on your head.
You reflexively headbutt those who attack you in melee.


Message History

You kill the gnoll!
Trog accepts your kill.
The gnoll sergeant hits you from afar with a +3 vampiric spear.
Your Axes skill increases to level 6!
You miss the phantom.
The phantom is severely damaged.
The phantom barely misses you.
The gnoll sergeant hits you from afar with a +3 vampiric spear!
* * * LOW HITPOINT WARNING * * *
You slash the phantom!
You destroy the phantom!
Trog accepts your kill.
Your Fighting skill increases to level 6!
Your Dodging skill increases to level 5!
You are no longer berserk.
You are exhausted.
You feel yourself slow down.
The gnoll sergeant hits you with a +3 vampiric spear.
* * * LOW HITPOINT WARNING * * *
There is a stone staircase leading down, spattered with blood here.
You see here a +0 spear.
You slash the gnoll sergeant!
The gnoll sergeant is moderately wounded.
The gnoll throws a throwing net.
The throwing net hits you.
You become entangled in the net!
The gnoll sergeant hits you with a +3 vampiric spear.
* * * LOW HITPOINT WARNING * * *
The gnoll sergeant draws strength from your wounds!
You struggle against the net.
The gnoll sergeant hits you with a +3 vampiric spear.
* * * LOW HITPOINT WARNING * * *
The gnoll sergeant draws strength from your wounds!
The gnoll hits you with a +0 club.
* * * LOW HITPOINT WARNING * * *
The gnoll sergeant hits you with a +3 vampiric spear.
* * * LOW HITPOINT WARNING * * *
The gnoll sergeant draws strength from your wounds!
You struggle against the net.
The gnoll barely misses you.
The gnoll sergeant hits you with a +3 vampiric spear!
You die...

..#..
##.#.#######
..........##
#....=>....
#........#
#####........##.
......gg........
.......@.)....#
#####..)))...##
#..)<....#
#...<....#
##########


You could see a gnoll sergeant and a gnoll.

Vanquished Creatures
  2 phantoms
  A kobold brigand (D:5)
  2 scorpions (D:4)
  3 hounds
  A centaur skeleton (D:4)
  An iguana (D:2)
  Terence (D:3)
  An orc wizard (D:4)
  5 gnolls
  5 adders
  An adder skeleton (D:4)
  A worm (D:2)
  A dart slug (D:2)
  9 orcs (D:4)
  5 endoplasms
  3 giant cockroaches
  4 goblins
  5 hobgoblins
  16 jackals
  6 quokkas
  7 ball pythons
  7 bats
  3 frilled lizards
  13 kobolds
  9 rats
112 creatures vanquished.

Notes
Turn   | Place    | Note
-------+----------+-------------------------------------------
     0 | D:1      | ticklebelly the Minotaur Berserker began the quest for the
                  | Orb.
     0 | D:1      | Reached XP level 1. HP: 19/19 MP: 0/0
   365 | D:1      | Reached XP level 2. HP: 10/27 MP: 1/1
   653 | D:1      | Reached XP level 3. HP: 25/33 MP: 2/2
   834 | D:2      | Found a shimmering altar of Xom.
   904 | D:2      | Reached ** piety under Trog
  1322 | D:2      | Reached XP level 4. HP: 34/40 MP: 3/3
  2021 | D:3      | Found a faded altar of an unknown god.
  2023 | D:3      | Reached XP level 5. HP: 47/47 MP: 4/4
  2190 | D:3      | Reached *** piety under Trog
  2556 | D:3      | Noticed Terence
  2564 | D:3      | Killed Terence
  2696 | D:3      | Found a glowing silver altar of Zin.
  2732 | D:3      | Found a hide-covered altar of Uskayaw.
  2920 | D:4      | Reached skill level 5 in Fighting
  2920 | D:4      | Reached skill level 5 in Axes
  3147 | D:4      | Reached XP level 6. HP: 46/54 MP: 5/5
  3220 | D:4      | Found a radiant altar of Vehumet.
  3640 | D:4      | Found Ving's Antique Armour Boutique.
  3650 | D:4      | Found Ripn's General Store.
  3654 | D:4      | Found Guseuclu's Antique Weapon Boutique.
  3897 | D:4      | Reached skill level 5 in Armour
  3897 | D:4      | Reached XP level 7. HP: 55/62 MP: 6/6
  4003 | D:5      | Entered Level 5 of the Dungeon
  4025 | D:5      | Reached skill level 5 in Dodging
  4027 | D:5      | HP: 2/63 [gnoll sergeant (6)]
  4028 | D:5      | Mangled by a gnoll sergeant

Illustrated notes

Levels and vault maps discovered:
D:1:      shiori_shiawase, layout_rooms, minmay_door_square
D:2:      layout_loops_ring, basic_altar, grunt_ministairs_9
D:3:      layout_loops_ring, mainiacjoe_overflow_swirl, basic_ecumenical_altar,
          nrook_mini_vaults, grunt_decor_junction, uniq_terence
D:4:      layout_loops_ring, nicolae_vehumet_altar_sigil, serial_shops,
          nicolae_shop_behind_doors, nicolae_wooded_promenade
D:5:      layout_rooms, nicolae_ossuary_entry_monument, serial_corexii_hall,
          corexii_hall_statues_t, corexii_hall_statues_l,
          kennysheep_generic_room_15, uniq_grinder

Skill      XL: |  1  2  3  4  5  6  7 |
---------------+----------------------+-----
Axes           | 4 5 6 |  6.1
Fighting       | 4 5 6 |  6.1
Armour         | 3 4 5 |  5.5
Dodging        | 3 4 5 |  5.0

Action                   |  1- 3 |  4- 6 |  7- 9 || total
-------------------------+-------+-------+-------++-------
Melee: Hand axe          |    75 |   158 |    18 ||   251
       Headbutt          |    13 |    30 |     2 ||    45
Invok: Berserk           |     1 |     1 |     1 ||     3
Armor: Animal skin       |    11 |     4 |       ||    15
       Chain mail        |       |    45 |       ||    45
       Plate armour      |       |    34 |     6 ||    40
Dodge: Dodged            |    53 |    64 |    12 ||   129
